 Dungeon Crawl Stone Soup version 0.26-a0-34-g9e0bf03589 (webtiles) character file.

Game seed: 17398230882171348268, levelgen mode: deterministic

40 Anathary the Slasher (level 3, 0/29 HPs)
             Began as a Demonspawn Berserker on May 29, 2020.
             Was a Believer of Trog.
             Slain by a hobgoblin
             ... wielding a +0 club
             ... led by Robin
              (3 damage)
             ... on level 2 of the Dungeon.
             The game lasted 00:02:50 (1265 turns).

Anathary the Slasher (Demonspawn Berserker)         Turns: 1265, Time: 00:02:51

Health: 0/29       AC:  4    Str: 17    XL:     3   Next: 30%
Magic:  3/3        EV: 12    Int:  8    God:    Trog [**....]
Gold:   89         SH:  0    Dex: 13    Spells: 2/2 levels left

rFire    . . .     SeeInvis .   a - +0 falchion
rCold    . . .     Gourm    .   (no shield)
rNeg     . . .     Faith    .   b - +0 animal skin
rPois    .         Spirit   .   (no helmet)
rElec    .         Reflect  .   (no cloak)
rCorr    .         Harm     .   (no gloves)
MR       .....                  (no boots)
Stlth    ++........             (no amulet)
HPRegen  0.09/turn              (no ring)
MPRegen  0.08/turn              (no ring)

@: very slightly contaminated, invisible
A: molten scales 1, nightstalker 1
a: Berserk, Trog's Hand, Renounce Religion


You were on level 2 of the Dungeon.
You worshipped Trog.
Trog was pleased with you.
You were not hungry.

You visited 1 branch of the dungeon, and saw 2 of its levels.

You collected 89 gold pieces.

Inventory:

Hand Weapons
 a - a +0 falchion (weapon)
Armour
 b - a +0 animal skin (worn)
Scrolls
 d - 2 scrolls of teleportation {unknown}
 i - a scroll of immolation {unknown}
 j - a scroll of identify {unknown}
Potions
 g - 2 potions of curing {unknown}
 h - a potion of might {unknown}
 k - 2 potions of stabbing {unknown}
Comestibles
 c - 8 rations


   Skills:
 - Level 3.0 Fighting
 + Level 4.0 Long Blades
 - Level 1.7 Armour
 - Level 1.7 Dodging


You had 2 spell levels left.
You didn't know any spells.
Your spell library was empty.

Dungeon Overview and Level Annotations

Branches:
Dungeon (2/15)

Altars:

Annotations:
D:2 Robin


Innate Abilities, Weirdness & Mutations

You are partially covered in molten scales. (AC +2)
You are slightly more attuned to the shadows.


Message History

You hit the rat.
The rat is heavily wounded.
You catch the helpless rat completely off-guard!
You hit the rat.
You kill the rat!
Trog accepts your kill.
The goblin no longer looks unusually strong.
The goblin closely misses you. The goblin completely misses you.
Robin roars a battlecry!
The goblins go into a battle-frenzy!
The hobgoblin misses you.
You barely miss the hobgoblin.
The goblin no longer looks unusually strong.
The goblin completely misses you.
You riposte.
You completely miss the goblin. The goblin misses you.
The hobgoblin hits you with a +0 club.
* * * LOW HITPOINT WARNING * * *
You barely miss the hobgoblin. The hobgoblin completely misses you.
You closely miss the hobgoblin. The goblin closely misses you.
The hobgoblin hits you with a +0 club.
You die...

### #.# #.#
####.####
#...$.^g# ####
#......g##gl...
#...(...@ggg...
#.(..<.########
#%......#
#.(......#
...#......#
..###[.....# .
#####.## #g#


You could see Robin, a hobgoblin (strong), 4 goblins and a frilled lizard.

Vanquished Creatures
  A dart slug (D:1)
  A leopard gecko (D:1)
  A bat (D:1)
  6 hobgoblins
  7 jackals (D:1)
  2 frilled lizards (D:1)
  8 goblins
  A kobold (D:1)
  7 rats
34 creatures vanquished.

Notes
Turn   | Place    | Note
-------+----------+-------------------------------------------
     0 | D:1      | Anathary the Demonspawn Berserker began the quest for the
                  | Orb.
     0 | D:1      | Reached XP level 1. HP: 18/18 MP: 1/1
    60 | D:1      | Reached skill level 3 in Long Blades
   271 | D:1      | Gained mutation: You are partially covered in molten
                  | scales. (AC +2) [demonic ancestry]
   271 | D:1      | Reached XP level 2. HP: 21/24 MP: 2/2
  1064 | D:1      | Gained mutation: You are slightly more attuned to the
                  | shadows. [demonic ancestry]
  1064 | D:1      | Reached XP level 3. HP: 23/29 MP: 3/3
  1244 | D:2      | Noticed Robin
  1253 | D:2      | Reached ** piety under Trog
  1253 | D:2      | Reached skill level 4 in Long Blades
  1265 | D:2      | Slain by a hobgoblin

Illustrated notes

Levels and vault maps discovered:
D:1:      lightli_arrival_statue_moat, layout_loops_ring,
          chequers_serial_rivers_room_a
D:2:      layout_rooms, first_ration, minmay_goblin_kobold_house, uniq_natasha,
          uniq_robin

Skill      XL: |  1  2  3 |
---------------+----------+-----
Long Blades    | 3 4 |  4.0
Fighting       | |  3.0
Armour         | |  1.7
Dodging        | |  1.7

Action                   || total
-------------------------++-------
Melee: Falchion          ||    87
  Use: Potion            ||     1
 Stab: Sleeping          ||     2
       Invisible         ||     1
  Eat: Chunk             ||     1
Armor: Animal skin       ||    20
Dodge: Dodged            ||    85
       Rpst.: Falchion   ||    26

Table legend:
 A = Non-vault XP
 B = Vault XP
 C = Vault XP percentage of total XP
 D = Non-vault monster count
 E = Vault monster count
 F = Vault count percentage of total count
                 A         B        C        D         E       F
            +---------+---------+-------+---------+---------+-------
      Total |      45 |      13 |  22.4 |      27 |       7 |  20.6
            +---------+---------+-------+---------+---------+-------
        D:1 |      43 |       0 |   0.0 |      25 |       0 |   0.0
        D:2 |       2 |      13 |  86.7 |       2 |       7 |  77.8
            +---------+---------+-------+---------+---------+-------
